 Dungeon Crawl Stone Soup version 0.29.0-4-gdea44cf6ec (webtiles) character file.

Game seed: 12208964061885587956

19 qw the Sneak (level 2, -1/19 HPs)
             Began as a Gargoyle Delver on Sept 10, 2022.
             Slain by a scorpion (4 damage)
             ... on level 4 of the Dungeon.
             The game lasted 00:00:14 (1207 turns).

qw the Sneak (Gargoyle Delver)                      Turns: 1207, Time: 00:00:15

Health: -1/19      AC:  5    Str: 15    XL:     2   Next: 75%
Magic:  2/2        EV: 11    Int: 10    God:
Gold:   41         SH:  0    Dex: 11    Spells: 1/1 levels left

rFire   . . .      SeeInvis .   a - +0 hand axe
rCold   . . .      Faith    .   (no shield)
rNeg    + . .      Spirit   .   b - +0 leather armour
rPois   inf        Reflect  .   (no helmet)
rElec   +          Harm     .   (no cloak)
rCorr   .          Rampage  .   (no gloves)
Will    .....                   (no boots)
Stlth   +++.......              (no amulet)
HPRegen 0.06/turn               (no ring)
MPRegen 0.08/turn               (no ring)

@: no status effects
A: sickness immunity, AC +2, negative energy resistance 1, electricity
resistance, torment resistance 1, petrification resistance
a: no special abilities


You were on level 4 of the Dungeon.
You visited 1 branch of the dungeon, and saw 2 of its levels.

You collected 41 gold pieces.


Innate Abilities, Weirdness & Mutations

You are immune to sickness and miasma.
Your stone body is resilient. (AC +2)
You are immune to poison.
You resist negative energy. (rN+)
You are resistant to electric shocks. (rElec)
You are resistant to unholy torment.
You are immune to petrification.


   Skills:
 - Level 3.2 Fighting
 + Level 2.9 Axes
 - Level 1.5 Dodging
 - Level 5.4 Stealth


You had one spell level left.
You didn't know any spells.
Your spell library was empty.

Inventory:

Hand Weapons
 a - a +0 hand axe (weapon)
 c - a +0 club
Armour
 b - a +0 leather armour (worn)
Wands
 g - a wand of digging (3)
Scrolls
 e - a scroll of torment {unknown}
Potions
 d - a potion of flight {unknown}
 f - a potion of haste

Dungeon Overview and Level Annotations

Branches:
Dungeon (5/15)
 Temple: D:4-7

Altars:


Message History

The giant cockroach is almost dead.
The giant cockroach closely misses you.
You hit the giant cockroach.
You kill the giant cockroach!
You start resting.
HP restored.
You now have 41 gold pieces (gained 14).
There is an open door here.
There is an open door here.
A scorpion comes into view.
A ball python comes into view.
You hit the scorpion.
The scorpion is moderately wounded.
The scorpion stings you.
You hit the scorpion but do no damage.
The scorpion is moderately wounded.
The scorpion stings you. The scorpion barely misses you.
You closely miss the scorpion.
The scorpion is moderately wounded.
The scorpion stings you.
You hit the scorpion but do no damage.
The scorpion is moderately wounded.
The scorpion barely misses you.
You hit the scorpion but do no damage.
The scorpion is moderately wounded.
The scorpion closely misses you. x2
You hit the scorpion.
The scorpion is heavily wounded.
The scorpion stings you.
You hit the scorpion.
The scorpion is heavily wounded.
The scorpion misses you.
You hit the scorpion but do no damage.
The scorpion is heavily wounded.
The scorpion stings you but does no damage.
The scorpion closely misses you.
You closely miss the scorpion.
The scorpion is heavily wounded.
The scorpion stings you.
You die...

.... ## #..# #####
###+##. ##..###.....
#..... .....#..... ....
....#..... #######'#####
#..##.....
......s@..#.###..#....##
..........#..'..%#....#.
..........'..#...'....#.
..........########....##
##'######...............
.. ...#............... .
...#...............
..'...............
#...............


You could see a scorpion.

Vanquished Creatures
  An adder (D:5)
  A dart slug (D:4)
  A giant cockroach (D:4)
  2 hobgoblins (D:4)
  A quokka (D:4)
  A ball python (D:4)
  A goblin (D:4)
8 creatures vanquished.

Notes
Turn   | Place    | Note
-------+----------+-------------------------------------------
     0 | D:5      | qw the Gargoyle Delver began the quest for the Orb.
     0 | D:5      | Reached XP level 1. HP: 14/14 MP: 1/1
     0 | D:5      | 0 ||| qw: Version: 0.1-a-116-g5d60599
     0 | D:5      | 0 ||| qw: Game counter: 8826
     0 | D:5      | 0 ||| qw: Always use a shield: true
     0 | D:5      | 0 ||| qw: God list: Okawaru
     0 | D:5      | 0 ||| qw: Allow faded altars: false
     0 | D:5      | 0 ||| qw: Do Orc after D:15 true
     0 | D:5      | 0 ||| qw: Do second Lair branch before Depths: true
     0 | D:5      | 0 ||| qw: Lair rune preference: random
     0 | D:5      | 0 ||| qw: Plans: Normal
     0 | D:5      | 0 ||| PLANNING D:1-11
    22 | D:5      | Reached XP level 2. HP: 19/19 MP: 2/2
    57 | D:5      | 57 ||| DROPPING scroll of fog.
    58 | D:5      | 58 ||| DROPPING scroll of magic mapping.
    59 | D:5      | 59 ||| DROPPING scroll of fear.
    69 | D:4      | 69 ||| PLANNING SEWER
    86 | D:4      | 86 ||| Stepping ~*~*~tactically~*~*~ (hiding).
   188 | D:4      | 188 ||| Stepping ~*~*~tactically~*~*~ (hiding).
   290 | D:4      | 290 ||| Stepping ~*~*~tactically~*~*~ (hiding).
   392 | D:4      | 392 ||| Stepping ~*~*~tactically~*~*~ (hiding).
   494 | D:4      | 494 ||| Stepping ~*~*~tactically~*~*~ (hiding).
   596 | D:4      | 596 ||| Stepping ~*~*~tactically~*~*~ (hiding).
   698 | D:4      | 698 ||| Stepping ~*~*~tactically~*~*~ (hiding).
   800 | D:4      | 800 ||| Stepping ~*~*~tactically~*~*~ (hiding).
   851 | D:4      | 851 ||| RIP SEWER
   868 | D:4      | 868 ||| PLANNING D:1-11
  1193 | D:4      | Noticed a scorpion
  1204 | D:4      | HP: 3/19 [scorpion (4)]
  1207 | D:4      | Slain by a scorpion

Levels and vault maps discovered:
D:4:      layout_gridville, mainiacjoe_overflow_small_starburst,
          old_standard_altar, gup_sewer_entry_bubbles, minmay_misc_feat_pillars,
          uniq_eustachio
D:5:      lemuel_castle_with_subvaults [lemuel_castle_interior_carwin_3],
          layout_basic, ashenzari_conservatory_becter,
          minmay_temple_entry_large_hall

Skill      XL: |  1 |
---------------+----+-----
Axes           | 2 |  2.9
Fighting       | |  3.2
Dodging        | |  1.5
Stealth        | |  5.4

Action                   || total
-------------------------++-------
Melee: Hand axe          ||    36
 Stab: Sleeping          ||     2
Armor: Leather armour    ||     7
Dodge: Dodged            ||    16

Table legend:
 A = Non-vault XP
 B = Vault XP
 C = Vault XP percentage of total XP
 D = Non-vault monster count
 E = Vault monster count
 F = Vault count percentage of total count
                 A         B        C        D         E       F
            +---------+---------+-------+---------+---------+-------
      Total |      28 |       0 |   0.0 |       8 |       0 |   0.0
            +---------+---------+-------+---------+---------+-------
        D:4 |      14 |       0 |   0.0 |       7 |       0 |   0.0
        D:5 |      14 |       0 |   0.0 |       1 |       0 |   0.0
            +---------+---------+-------+---------+---------+-------
